 Dungeon Crawl Stone Soup version 0.18-a0-1311-g779ca93 (webtiles) character file.

4045 Amnesiac the Grappler (level 10, -3/88 HPs)
             Began as a Troll Monk on Feb 13, 2016.
             Was a High Priest of Okawaru.
             Slain by an orc
             ... wielding a +0 mace
              (11 damage)
             ... on level 9 of the Dungeon.
             The game lasted 00:15:42 (6105 turns).

Amnesiac the Grappler (Troll Monk)                  Turns: 6105, Time: 00:15:43

Health: -3/88      AC:  6    Str: 21      XL:     10   Next: 4%
Magic:  9/9        EV: 18    Int:  3 (4)  God:    Okawaru [*****.]
Gold:   597        SH:  0    Dex: 15      Spells: 0 memorised, 9 levels left

rFire  + . .     SeeInvis .       - Unarmed
rCold  + . .     Gourm    +     F - +1 robe {rC+ rF+}
rNeg   . . .     Faith    .     (no shield)
rPois  .         Spirit   .     (helmet restricted)
rElec  .         Dismiss  .     (no cloak)
rCorr  .         Reflect  .     (gloves unavailable)
SustAt .         Harm     +     (boots unavailable)
MR     .....                    M - amulet of harm
Stlth  ++........               x - +6 ring of evasion
                                (no ring)

@: not resistant to hostile enchantments, unstealthy
A: unfitting armour, claws 3, blurry vision 1, deterioration 1, dopey 1, fast
metabolism 3, gourmand, regeneration 2, screaming 1, shaggy fur 1, tough skin 2,
MP-powered wands, sturdy frame 1
a: Heroism, Finesse, Renounce Religion


You were on level 9 of the Dungeon.
You worshipped Okawaru.
Okawaru was extremely pleased with you.
You were very full.

You visited 2 branches of the dungeon, and saw 10 of its levels.
You also visited: Sewer.

You collected 597 gold pieces.

Inventory:

Missiles
 B - 44 poisoned needles
 N - 6 javelins of penetration (quivered)
 R - a throwing net
Armour
 F - a +1 robe of resistance (worn)
Jewellery
 d - an uncursed ring of flight
 x - a +6 ring of evasion (right claw)
 G - an uncursed amulet of dismissal
 H - an uncursed amulet of rage
 L - an uncursed amulet of inaccuracy
 M - an amulet of harm (around neck)
 P - the ring of Yxteekucw {rElec rC- rN+ AC+4 Dex+2, unknown}
   (You found it on level 8 of the Dungeon)

   [ring of protection]

   It affects your AC (+4).
   It affects your dexterity (+2).
   It makes you vulnerable to cold.
   It insulates you from electricity.
   It protects you from negative energy.
Wands
 p - a wand of iceblast (7/15)
 D - a wand of random effects (36/48)
 K - a wand of polymorph (12/24)
Scrolls
 e - 5 scrolls of remove curse
 g - a scroll of magic mapping {unknown}
 h - 2 scrolls of recharging {unknown}
 i - a scroll of fear {unknown}
 k - 8 scrolls of teleportation {unknown}
 n - 4 scrolls of enchant weapon {unknown}
 q - a scroll of blinking {unknown}
 r - 2 scrolls of immolation
 t - 2 scrolls of noise {unknown}
 w - 3 scrolls of identify
 y - 2 scrolls of fog {unknown}
 z - 3 scrolls of amnesia {unknown}
 E - 4 scrolls of random uselessness {unknown}
Potions
 a - a potion of resistance {unknown}
 f - 2 potions of cancellation {unknown}
 l - 2 potions of might
 o - 3 potions of degeneration {unknown}
 s - 3 potions of curing
 u - a potion of flight {unknown}
 v - a potion of lignification {unknown}
 A - 2 potions of agility
 I - 3 potions of brilliance {unknown}
 J - a potion of magic {unknown}
 Q - a potion of ambrosia {unknown}
Comestibles
 b - 12 bread rations
 c - 2 slices of pizza
 j - 5 meat rations
 m - 4 fruits
 C - a royal jelly
 O - 9 beef jerkies


   Skills:
 - Level 2.4 Fighting
 + Level 6.3 Throwing
 + Level 4.6 Dodging
 - Level 1.1 Stealth
 * Level 12.2 Unarmed Combat


You had 9 spell levels left.
You didn't know any spells.

Dungeon Overview and Level Annotations

Branches:
Dungeon (9/15)             Temple (1/1) D:4
   Lair: D:8-11         Orc: D:9-12

Altars:
Ashenzari
Cheibriados
Dithmenos
Elyvilon
Fedhas
Gozag
Kikubaaqudgha
Makhleb
Nemelex Xobeh
Okawaru
Pakellas
Qazlal
Ru
Sif Muna
Trog
Vehumet
Xom
Yredelemnul
Zin
The Shining One

Shops:
D:8 ((*


Innate Abilities, Weirdness & Mutations

You are too large for most types of armour.
You have claws for hands.
Your metabolism is lightning-fast.
You like to eat raw meat.
You heal very quickly.
You are covered in fur (AC +1).
You have very tough skin (AC +2).
Scrolls take you a little longer to read.
Your body sometimes deteriorates upon taking damage.
You are dopey. (Int -2)
You occasionally shout uncontrollably at your foes.
You expend magic power (3 MP) to strengthen your wands.
Your movements are slightly less encumbered by armour (ER -2).


Message History

The puff of flame hits you! You resist.
* * * LOW HITPOINT WARNING * * *
Unknown command.
Drink which item? (? for menu, Esc to quit)
It was a potion of curing.
You feel better. The orc hits you with a whip.
* * * LOW HITPOINT WARNING * * *
The troll completely misses you. The troll barely misses you.
The troll misses you. The orc wizard barely misses you.
The orc hits you with a mace.
* * * LOW HITPOINT WARNING * * *
You claw the troll!
The troll is severely wounded.
Drink which item? (? for menu, Esc to quit)
You feel better. The orc barely misses you.
The troll bites you but does no damage. The troll closely misses you.
The troll claws you!
* * * LOW HITPOINT WARNING * * *
Your body deteriorates!
You feel dopey. The orc wizard barely misses you. The orc hits you with a mace!
You die...

#.....#
#.....#
#.....#
#.....#
#.....#
+.....#
#...T.#
#...o@#
#...oo#
#.....#
+.....#
#.....#
#.....#
#.....+
#.....#


You could see a troll, an orc wizard and 2 orcs.

Vanquished Creatures
  Pikel (D:4)
  A hill giant (D:7)
  Maurice (D:8)
  Joseph (D:7)
  Grinder (D:3)
  A hippogriff (D:8)
  A water moccasin (D:8)
  A sky beast (D:7)
  4 slaves (D:4)
  A phantom (D:8)
  An orc warrior (D:8)
  4 ogres
  A centaur (D:7)
  2 giant frogs
  3 scorpions
  2 crimson imps
  3 jellies
  4 hounds
  3 orc wizards
  A centaur skeleton (D:6)
  2 orc priests
  2 giant frog skeletons
  4 iguanas
  3 worker ants
  2 hound zombies
  2 hound skeletons (D:7)
  A worker ant zombie (D:5)
  3 gnolls (D:4)
  7 adders
  7 river rats
  3 shadow imps
  3 adder skeletons
  2 worms
  8 giant geckos
  14 orcs
  7 ball pythons
  6 bats
  6 giant cockroaches
  7 hobgoblins
  2 jackals (D:4)
  2 quokkas
  A giant gecko skeleton (D:4)
  9 giant newts
  9 goblins
  7 kobolds
  2 quokka skeletons (D:5)
  21 rats
  7 plants (D:7)
186 creatures vanquished.

Vanquished Creatures (others)
  A plant (D:7)
1 creature vanquished.

Grand Total: 187 creatures vanquished

Notes
Turn   | Place    | Note
--------------------------------------------------------------
     0 | D:1      | Amnesiac the Troll Monk began the quest for the Orb.
     0 | D:1      | Reached XP level 1. HP: 22/22 MP: 0/0
   236 | D:2      | Reached XP level 2. HP: 27/29 MP: 1/1
   341 | D:4      | Noticed a slave
   341 | D:4      | Noticed an ogre
   342 | D:4      | Noticed Pikel
   347 | D:4      | Noticed a slave
   396 | D:4      | Reached skill level 5 in Unarmed Combat
   396 | D:4      | Reached XP level 3. HP: 36/36 MP: 2/2
   404 | D:4      | Reached XP level 4. HP: 8/44 MP: 3/3
   483 | D:4      | Found a staircase to the Ecumenical Temple.
   516 | Temple   | Entered the Ecumenical Temple
   551 | Temple   | Became a worshipper of Warmaster Okawaru
   551 | Temple   | Reached * piety under Okawaru
   551 | Temple   | Reached ** piety under Okawaru
   573 | D:4      | Killed an ogre
   573 | D:4      | Reached skill level 6 in Unarmed Combat
   573 | D:4      | Reached XP level 5. HP: 31/50 MP: 4/4
   623 | D:4      | Found a basalt altar of Yredelemnul.
  1433 | D:2      | Found a radiant altar of Vehumet.
  1822 | D:3      | Reached skill level 7 in Unarmed Combat
  1827 | D:3      | Found a faded altar to an unknown god.
  1911 | D:3      | Noticed Grinder
  1926 | D:3      | You fall through a shaft!
  2009 | D:3      | Killed Grinder
  2009 | D:3      | Reached skill level 1 in Throwing
  2009 | D:3      | Reached XP level 6. HP: 59/59 MP: 5/5
  2295 | D:3      | Gained mutation: You expend magic power (3 MP) to strengthen your wands. [potion of mutation]
  2295 | D:3      | Gained mutation: Scrolls take you a little longer to read. [potion of mutation]
  2295 | D:3      | Gained mutation: Your movements are slightly less encumbered by armour (ER -2). [potion of mutation]
  2492 | D:4      | Reached skill level 8 in Unarmed Combat
  2532 | D:4      | Noticed a slave
  2533 | D:4      | Noticed a slave
  2535 | D:4      | Killed a slave
  2556 | D:4      | Killed a slave
  2561 | D:4      | Killed a slave
  2666 | D:4      | Reached XP level 7. HP: 66/66 MP: 6/6
  2753 | D:4      | Found a white marble altar of Elyvilon.
  3040 | D:4      | Reached *** piety under Okawaru
  3055 | D:4      | Killed Pikel
  3055 | D:4      | Reached skill level 9 in Unarmed Combat
  3055 | D:4      | Reached XP level 8. HP: 61/74 MP: 7/7
  3096 | D:5      | Entered Level 5 of the Dungeon
  3136 | D:5      | Found an ancient bone altar of Kikubaaqudgha.
  3202 | D:5      | Found a shimmering altar of Xom.
  3401 | D:5      | Found a glowing drain.
  3418 | Sewer    | Entered a sewer
  3535 | Sewer    | Reached skill level 10 in Unarmed Combat
  3855 | D:5      | Found a glowing golden altar of the Shining One.
  3860 | D:5      | Reached **** piety under Okawaru
  4198 | D:6      | Found a shattered altar of Ashenzari.
  4294 | D:7      | Noticed Joseph
  4306 | D:7      | Killed Joseph
  4306 | D:7      | Reached skill level 5 in Throwing
  4306 | D:7      | Reached XP level 9. HP: 20/80 MP: 8/8
  4451 | D:7      | Noticed a hill giant
  4456 | D:7      | Killed a hill giant
  4456 | D:7      | Reached skill level 11 in Unarmed Combat
  4471 | D:7      | Found a sacrificial altar of Ru.
  4490 | D:7      | Reached ***** piety under Okawaru
  4598 | D:7      | Found a stormy altar of Qazlal.
  4748 | D:7      | Gained mutation: Your body sometimes deteriorates upon taking damage. [mutagenic meat]
  4749 | D:7      | Gained mutation: You occasionally shout uncontrollably at your foes. [mutagenic meat]
  4751 | D:7      | Gained mutation: You are dopey. (Int -2) [mutagenic meat]
  5283 | D:8      | Found a shadowy altar of Dithmenos.
  5293 | D:8      | Received a gift from Okawaru
  5366 | D:8      | Noticed Maurice
  5418 | D:8      | Killed Maurice
  5420 | D:8      | Reached skill level 12 in Unarmed Combat
  5475 | D:8      | Found Zuofreid's Weapon Boutique.
  5594 | D:8      | Found Neat's General Store.
  5598 | D:8      | Got a coiled bronze ring
  5641 | D:8      | Found Teith's Weapon Shop.
  5981 | D:8      | Reached XP level 10. HP: 88/88 MP: 9/9
  6105 | D:9      | Slain by an orc

Vault maps used:
D:1:      dpeg_arrival_pits
D:2:      lemuel_crystal_altar, small_statue_intersection
D:3:      first_bread, ecumenical_altar_2, uniq_grinder
D:4:      elyvilon_altar_3, kennysheep_mini, minmay_temple_entry_junction2,
          grunt_decor_fettered, uniq_pikel
D:5:      nicolae_tso_carved_into_rock, lemuel_doored_altar, old_standard_altar,
          gup_sewer_entry_pipe, grunt_ministairs_1
D:6:      wad_lake_hut, ashenzari_altar_1, uniq_menkaure
D:7:      wad_woods_stonehenge, hangedman_ru_absence, uniq_joseph
D:8:      nicolae_dithmenos_shadow_blocks, serial_shops,
          nicolae_shop_window_shopping,
          nicolae_shop_temple_entry_statues_fountains, shop, grunt_ogre_cave,
          uniq_maurice
D:9:      uniq_psyche
Temple:   circular_temple_12
Sewer:    sewer_co_cracked_pipes

Action                   |  1- 3 |  4- 6 |  7- 9 | 10-12 || total
-------------------------+-------+-------+-------+-------++-------
Melee: Unarmed           |    54 |   169 |   301 |    12 ||   536
Throw: Javelin           |       |       |     1 |       ||     1
  Use: Scroll            |     2 |     4 |     2 |       ||     8
       Potion            |       |     1 |     1 |     2 ||     4
 Stab: Sleeping          |     2 |     6 |     4 |       ||    12
       Distracted        |       |     1 |     3 |       ||     4
  Eat: Chunk             |     9 |    19 |    36 |     2 ||    66
